| TOP OF THE 1ST |
|
Greeneville Astros batting - Pitching for Boston (APP) Red Sox : RHP Randy Williams
|
|
Pitching: RHP Randy Williams
|
|
|
Batting: RHB Jason Monico
|
0-0: Ball 1-0: Ground out 6-3 (Groundball, 6M, EV 105.6 MPH)
|
|
Batting: RHB John Moore
|
0-0: Called Strike 0-1: Ball 1-1: Foul Ball, location: 2F 1-2: Foul Ball, location: 2F 1-2: Fly out, F6 (Flyball, 56D, EV 88.1 MPH)
|
|
Batting: RHB Hugo Priego
|
0-0: Ball 1-0: Ground out 1-3 (Groundball, 15S, EV 66.9 MPH)
|
| Top of the 1st over - 0 runs, 0 hits, 0 errors, 0 left on base; Greeneville 0 - Boston (APP) 0 |
| BOTTOM OF THE 1ST |
|
Boston (APP) Red Sox batting - Pitching for Greeneville Astros : RHP James Browning
|
|
Pitching: RHP James Browning
|
|
|
Batting: LHB Javier Cajina
|
0-0: Ball 1-0: Called Strike 1-1: Foul Ball, location: 2F 1-2: Foul Ball, location: 2F 1-2: Ball 2-2: Strikes out swinging, 2-3 out at first.
|
|
Batting: RHB Kirk Cully
|
0-0: Ball 1-0: Called Strike 1-1: Ball 2-1: Swinging Strike 2-2: Ball 3-2: Ground out 5-3 (Groundball, 56S, EV 66.2 MPH)
|
|
Batting: LHB Kien-lung Zou
|
0-0: Called Strike 0-1: Ball 1-1: SINGLE (Line Drive, 56D, EV 95.6 MPH)
|
|
Batting: RHB Bakhtiar Asadov
|
0-0: Foul Ball, location: 2F 0-1: Swinging Strike 0-2: Strikes out swinging
|
| Bottom of the 1st over - 0 runs, 1 hit, 0 errors, 1 left on base; Greeneville 0 - Boston (APP) 0 |
| TOP OF THE 2ND |
|
Greeneville Astros batting - Pitching for Boston (APP) Red Sox : RHP Randy Williams
|
|
Batting: RHB Areda Obote
|
0-0: Ball 1-0: Ball 2-0: Called Strike 2-1: Foul Ball, location: 2F 2-2: Strikes out swinging
|
|
Batting: RHB Roger Pelley
|
0-0: Ball 1-0: Ball 2-0: Called Strike 2-1: Swinging Strike 2-2: Strikes out looking
|
|
Batting: LHB Guadalupe Gonzalez
|
0-0: Ball 1-0: Foul Ball, location: 2F 1-1: Fly out, F8 (Flyball, 78D, EV 88.1 MPH)
|
| Top of the 2nd over - 0 runs, 0 hits, 0 errors, 0 left on base; Greeneville 0 - Boston (APP) 0 |
| BOTTOM OF THE 2ND |
|
Boston (APP) Red Sox batting - Pitching for Greeneville Astros : RHP James Browning
|
|
Batting: RHB Felix Rangel
|
0-0: Called Strike 0-1: Foul Ball, location: 2F 0-2: Ball 1-2: Strikes out looking
|
|
Batting: SHB Matsudaira Ikeda
|
0-0: Ball 1-0: Ball 2-0: Called Strike 2-1: Ball 3-1: Swinging Strike 3-2: Base on Balls
|
|
Batting: RHB Luis Nino
|
0-0: Swinging Strike 0-1: Called Strike 0-2: Ball 1-2: Ball 2-2: Strikes out swinging
|
|
Batting: RHB Mo Tsang
|
0-0: Called Strike 0-1: Ball 1-1: Swinging Strike 1-2: Fly out, F9 (Flyball, 9S, EV 90.0 MPH)
|
| Bottom of the 2nd over - 0 runs, 0 hits, 0 errors, 1 left on base; Greeneville 0 - Boston (APP) 0 |
| TOP OF THE 3RD |
|
Greeneville Astros batting - Pitching for Boston (APP) Red Sox : RHP Randy Williams
|
|
Batting: RHB Domingas Saragoa
|
0-0: Foul Ball, location: 2F 0-1: Ball 1-1: Swinging Strike 1-2: Ball 2-2: Strikes out swinging
|
|
Batting: LHB Gong Tow
|
0-0: Called Strike 0-1: Ball 1-1: Ground out U3 (Groundball, 3, EV 84.4 MPH)
|
|
Batting: RHB Devon Healy
|
0-0: Ball 1-0: Foul Ball, location: 2F 1-1: Ball 2-1: Ball 3-1: Base on Balls
|
|
Batting: RHB Jason Monico
|
0-0: Ball 1-0: Foul Ball, location: 2F 1-1: Ball 2-1: Foul Ball, location: 2F 2-2: Ball 3-2: Foul Ball, location: 2F 3-2: Strikes out swinging
|
| Top of the 3rd over - 0 runs, 0 hits, 0 errors, 1 left on base; Greeneville 0 - Boston (APP) 0 |
| BOTTOM OF THE 3RD |
|
Boston (APP) Red Sox batting - Pitching for Greeneville Astros : RHP James Browning
|
|
Batting: RHB Estevan Carrillo
|
0-0: Foul Ball, location: 2F 0-1: Foul Ball, location: 2F 0-2: Strikes out swinging
|
|
Batting: LHB Javier Cajina
|
0-0: Swinging Strike 0-1: Ground out 5-3 (Groundball, 5, EV 108.8 MPH)
|
|
Batting: RHB Kirk Cully
|
0-0: Called Strike 0-1: Ball 1-1: Ball 2-1: Called Strike 2-2: Foul Ball, location: 2F 2-2: Strikes out swinging
|
| Bottom of the 3rd over - 0 runs, 0 hits, 0 errors, 0 left on base; Greeneville 0 - Boston (APP) 0 |
| TOP OF THE 4TH |
|
Greeneville Astros batting - Pitching for Boston (APP) Red Sox : RHP Randy Williams
|
|
Batting: RHB John Moore
|
0-0: Called Strike 0-1: Ball 1-1: Swinging Strike 1-2: SINGLE (Line Drive, 56D, EV 100.0 MPH)
|
|
Batting: RHB Hugo Priego
|
0-0: Ball 1-0: Ball John Moore steals 2nd base 2-0: Ball 3-0: Called Strike 3-1: Called Strike 3-2: Strikes out swinging passed ball, reaches first! John Moore to third
|
|
Batting: RHB Areda Obote
|
0-0: Grounds into double play, 6-4-3 (Groundball, 6, EV 87.5 MPH) John Moore scores
|
|
Batting: RHB Roger Pelley
|
0-0: Called Strike 0-1: Ball 1-1: Ball 2-1: Fly out, F7 (Line Drive, 7, EV 94.4 MPH)
|
| Top of the 4th over - 1 run, 1 hit, 0 errors, 0 left on base; Greeneville 1 - Boston (APP) 0 |
| BOTTOM OF THE 4TH |
|
Boston (APP) Red Sox batting - Pitching for Greeneville Astros : RHP James Browning
|
|
Batting: LHB Kien-lung Zou
|
0-0: Called Strike 0-1: Swinging Strike 0-2: Ball 1-2: Ball 2-2: SINGLE (Line Drive, 9S, EV 97.5 MPH)
|
|
Batting: RHB Bakhtiar Asadov
|
0-0: Ball 1-0: Foul Ball, location: 2F 1-1: Ball 2-1: Ball 3-1: Swinging Strike 3-2: Foul Ball, location: 2F 3-2: Strikes out swinging
|
|
Batting: RHB Felix Rangel
|
0-0: Called Strike 0-1: Ball 1-1: Ball 2-1: Foul Ball, location: 2F 2-2: Fly out, F9 (Flyball, 9, EV 86.9 MPH)
|
|
Batting: SHB Matsudaira Ikeda
|
0-0: Called Strike 0-1: Ball Kien-lung Zou is caught stealing 2nd base 2-6
|
| Bottom of the 4th over - 0 runs, 1 hit, 0 errors, 0 left on base; Greeneville 1 - Boston (APP) 0 |
| TOP OF THE 5TH |
|
Greeneville Astros batting - Pitching for Boston (APP) Red Sox : RHP Randy Williams
|
|
Batting: LHB Guadalupe Gonzalez
|
0-0: Foul Ball, location: 2F 0-1: Swinging Strike 0-2: Strikes out swinging
|
|
Batting: RHB Domingas Saragoa
|
0-0: Ball 1-0: Called Strike 1-1: SOLO HOME RUN (Flyball, 7D, EV 100.6 MPH), Distance : 392 ft
|
|
Batting: LHB Gong Tow
|
0-0: Ball 1-0: Ball 2-0: Ball 3-0: Called Strike 3-1: Fly out, F8 (Flyball, 78M, EV 75.6 MPH)
|
|
Batting: RHB Devon Healy
|
0-0: Ball 1-0: Swinging Strike 1-1: Swinging Strike 1-2: Ball 2-2: Fly out, F9 (Flyball, 89S, EV 86.2 MPH)
|
| Top of the 5th over - 1 run, 1 hit, 0 errors, 0 left on base; Greeneville 2 - Boston (APP) 0 |
| BOTTOM OF THE 5TH |
|
Boston (APP) Red Sox batting - Pitching for Greeneville Astros : RHP James Browning
|
|
Batting: SHB Matsudaira Ikeda
|
0-0: Bunt missed! 0-1: Ball 1-1: SINGLE (Groundball, 34D, EV 95.6 MPH)
|
|
Pitching: RHP Ernie Bell
|
|
|
Pinch Hitting: RHB Joe Booth
|
0-0: Ball 1-0: Ball 2-0: Ball 3-0: Called Strike 3-1: Base on Balls Matsudaira Ikeda to second
|
|
Batting: RHB Mo Tsang
|
0-0: Foul Ball, location: 2F 0-1: Swinging Strike 0-2: Ball 1-2: DOUBLE (Flyball, 7LD, EV 101.2 MPH) Matsudaira Ikeda scores Joe Booth to third
|
|
Batting: RHB Estevan Carrillo
|
0-0: Called Strike 0-1: Fly out, F8 (Flyball, 8LM, EV 88.1 MPH)
|
|
Batting: LHB Javier Cajina
|
0-0: SINGLE (Groundball, 4MD, EV 106.9 MPH) Joe Booth scores Mo Tsang to third
|
|
Batting: SHB Arihito Hiramoto
|
0-0: Called Strike Javier Cajina steals 2nd base 0-1: Ball 1-1: Swinging Strike 1-2: Ball 2-2: Ball 3-2: Strikes out swinging
|
|
Batting: LHB Kien-lung Zou
|
0-0: Foul Ball, location: 2F 0-1: Ball 1-1: Ball 2-1: Ball 3-1: Base on Balls
|
|
Batting: RHB Bakhtiar Asadov
|
0-0: Ball 1-0: Foul Ball, location: 2F 1-1: Ball 2-1: Swinging Strike 2-2: Ball 3-2: Strikes out swinging
|
| Bottom of the 5th over - 2 runs, 3 hits, 0 errors, 3 left on base; Greeneville 2 - Boston (APP) 2 |
| TOP OF THE 6TH |
|
Greeneville Astros batting - Pitching for Boston (APP) Red Sox : RHP Randy Williams
|
|
Now at 2B: Stanislav Parusov
|
|
|
Batting: RHB Jason Monico
|
0-0: Ball 1-0: Called Strike 1-1: Ball 2-1: Fly out, F9 (Flyball, 89S, EV 93.1 MPH)
|
|
Batting: RHB John Moore
|
0-0: Foul Ball, location: 2F 0-1: Swinging Strike 0-2: Ball 1-2: Ball 2-2: Ground out U3 (Groundball, 34, EV 89.4 MPH)
|
|
Batting: RHB Hugo Priego
|
0-0: Ball 1-0: Foul Ball, location: 2F 1-1: Foul Ball, location: 2F 1-2: Ball 2-2: Foul Ball, location: 2F 2-2: Foul Ball, location: 2F 2-2: Ball 3-2: Base on Balls
|
|
Pitching: LHP Jessie Leslie
|
|
|
Batting: RHB Areda Obote
|
0-0: SINGLE (Groundball, 56D, EV 105.0 MPH) Hugo Priego to second Runner from 2nd tries for 3rd, SAFE, throw by LF made to third
|
|
Batting: RHB Roger Pelley
|
0-0: Swinging Strike 0-1: Called Strike 0-2: Ball 1-2: Foul Ball, location: 2F 1-2: 3-RUN HOME RUN (Flyball, 89XD, EV 100.0 MPH), Distance : 412 ft
|
|
Batting: LHB Guadalupe Gonzalez
|
0-0: Ground out 4-3 (Groundball, 34, EV 88.8 MPH)
|
| Top of the 6th over - 3 runs, 2 hits, 0 errors, 0 left on base; Greeneville 5 - Boston (APP) 2 |
| BOTTOM OF THE 6TH |
|
Boston (APP) Red Sox batting - Pitching for Greeneville Astros : RHP Ernie Bell
|
|
Batting: RHB Felix Rangel
|
0-0: Fly out, F8 (Flyball, 8RXD, EV 97.5 MPH)
|
|
Batting: SHB Matsudaira Ikeda
|
0-0: Foul Ball, location: 2F 0-1: Fly out, F7 (Flyball, 78M, EV 87.5 MPH)
|
|
Batting: LHB Stanislav Parusov
|
0-0: Foul Ball, location: 2F 0-1: Ball 1-1: Ball 2-1: Ball 3-1: Base on Balls
|
|
Pitching: LHP Shane Robinson
|
|
|
Batting: RHB Mo Tsang
|
0-0: Fly out, F3 (Popup, 34S, EV 90.0 MPH)
|
| Bottom of the 6th over - 0 runs, 0 hits, 0 errors, 1 left on base; Greeneville 5 - Boston (APP) 2 |
| TOP OF THE 7TH |
|
Greeneville Astros batting - Pitching for Boston (APP) Red Sox : LHP Jessie Leslie
|
|
Batting: RHB Domingas Saragoa
|
0-0: Foul Ball, location: 2F 0-1: Called Strike 0-2: Strikes out swinging
|
|
Batting: LHB Gong Tow
|
0-0: Called Strike 0-1: Ball 1-1: Fly out, F8 (Flyball, 8LD, EV 97.5 MPH)
|
|
Batting: RHB Devon Healy
|
0-0: Foul Ball, location: 2F 0-1: Swinging Strike 0-2: Fly out, F4 (Popup, 4, EV 71.2 MPH)
|
| Top of the 7th over - 0 runs, 0 hits, 0 errors, 0 left on base; Greeneville 5 - Boston (APP) 2 |
| BOTTOM OF THE 7TH |
|
Boston (APP) Red Sox batting - Pitching for Greeneville Astros : LHP Shane Robinson
|
|
Batting: RHB Estevan Carrillo
|
0-0: Ball 1-0: Swinging Strike 1-1: Foul Ball, location: 2F 1-2: Strikes out swinging
|
|
Batting: LHB Javier Cajina
|
0-0: Called Strike 0-1: Reached on error, E4 (Groundball, 4MS, EV 64.4 MPH)
|
|
Batting: SHB Arihito Hiramoto
|
0-0: Ball Javier Cajina steals 2nd base 1-0: Foul Ball, location: 2F 1-1: Ball 2-1: Called Strike 2-2: Ball 3-2: Base on Balls
|
|
Batting: LHB Kien-lung Zou
|
0-0: TRIPLE (Flyball, 89XD, EV 113.8 MPH) Javier Cajina scores Arihito Hiramoto scores
|
|
Batting: RHB Bakhtiar Asadov
|
0-0: Ball 1-0: TRIPLE (Flyball, 9D, EV 86.2 MPH) Kien-lung Zou scores
|
|
Pitching: RHP Vinny Salazar
|
|
|
Batting: RHB Felix Rangel
|
0-0: SINGLE (Groundball, 56, EV 106.2 MPH) Bakhtiar Asadov scores
|
|
Batting: SHB Matsudaira Ikeda
|
0-0: Fielders Choice at 2nd, 6-4 (Groundball, 6, EV 80.6 MPH)
|
|
Batting: LHB Stanislav Parusov
|
0-0: Called Strike Matsudaira Ikeda steals 2nd base 0-1: Fly out, F7 (Flyball, 7D, EV 88.8 MPH)
|
| Bottom of the 7th over - 4 runs, 3 hits, 1 error, 1 left on base; Greeneville 5 - Boston (APP) 6 |
| TOP OF THE 8TH |
|
Greeneville Astros batting - Pitching for Boston (APP) Red Sox : LHP Jessie Leslie
|
|
Batting: RHB Jason Monico
|
0-0: Ball 1-0: Ball 2-0: Ball 3-0: Base on Balls
|
|
Pitching: LHP Brad Victor
|
|
|
Batting: RHB John Moore
|
0-0: Ball 1-0: Ball 2-0: Ball 3-0: Called Strike 3-1: Base on Balls Jason Monico to second
|
|
Batting: RHB Hugo Priego
|
0-0: Ball 1-0: Swinging Strike 1-1: Ball 2-1: Ball 3-1: Foul Ball, location: 2F 3-2: SINGLE (Flyball, 8LS, EV 97.5 MPH) Jason Monico to third John Moore to second
|
|
Batting: RHB Areda Obote
|
0-0: Foul Ball, location: 2F 0-1: Ball 1-1: Called Strike 1-2: Ball 2-2: Ball 3-2: DOUBLE (Line Drive, 78M, EV 104.4 MPH) Jason Monico scores John Moore scores Hugo Priego to third
|
|
Batting: RHB Roger Pelley
|
0-0: Intentional Walk
|
|
Batting: LHB Guadalupe Gonzalez
|
0-0: Ball 1-0: Ball 2-0: Ball 3-0: Called Strike 3-1: Foul Ball, location: 2F 3-2: Base on Balls Hugo Priego scores Areda Obote to third Roger Pelley to second
|
|
Batting: RHB Domingas Saragoa
|
0-0: Ball 1-0: SINGLE (Groundball, 34D, EV 103.8 MPH) Areda Obote scores Roger Pelley to third Guadalupe Gonzalez to second
|
|
Pitching: RHP Danny Diaz
|
|
|
Batting: LHB Gong Tow
|
0-0: Ball 1-0: Called Strike 1-1: Grounds into double play, 6-2-3 (Groundball, 6, EV 93.8 MPH) Guadalupe Gonzalez to third Domingas Saragoa to second
|
|
Batting: RHB Jarno van Lente
|
0-0: Ball 1-0: Ball 2-0: Called Strike 2-1: Foul Ball, location: 2F 2-2: Fly out, F7 (Flyball, 7, EV 91.9 MPH)
|
| Top of the 8th over - 4 runs, 3 hits, 0 errors, 2 left on base; Greeneville 9 - Boston (APP) 6 |
| BOTTOM OF THE 8TH |
|
Boston (APP) Red Sox batting - Pitching for Greeneville Astros : RHP Vinny Salazar
|
|
Batting: RHB Mo Tsang
|
0-0: Hit by Pitch
|
|
Batting: RHB Estevan Carrillo
|
0-0: Ball 1-0: Foul Ball, location: 2F 1-1: Called Strike 1-2: Fielders Choice at 2nd, 6-4 (Groundball, 6, EV 92.5 MPH)
|
|
Batting: LHB Javier Cajina
|
0-0: Ball 1-0: Called Strike 1-1: Foul Ball, location: 2F 1-2: Ball 2-2: Foul Ball, location: 2F 2-2: Strikes out looking
|
|
Batting: SHB Arihito Hiramoto
|
0-0: Ball 1-0: Ball 2-0: Ball 3-0: Base on Balls Estevan Carrillo to second
|
|
Pitching: LHP Kimmo-Mikka Koistinen
|
|
|
Batting: LHB Kien-lung Zou
|
0-0: Called Strike 0-1: Ball 1-1: Ball 2-1: Foul Ball, location: 2F 2-2: Foul Ball, location: 2F 2-2: DOUBLE (Line Drive, 89D, EV 105.6 MPH) Estevan Carrillo scores Arihito Hiramoto to third Runner from 3rd tries for Home, SAFE, throw by RF to home
|
|
Pitching: RHP Marty Jackson
|
|
|
Pinch Hitting: LHB Mike Hutcheson
|
0-0: Ball 1-0: Ball 2-0: Ground out U3 (Groundball, 34S, EV 83.8 MPH)
|
| Bottom of the 8th over - 2 runs, 1 hit, 0 errors, 1 left on base; Greeneville 9 - Boston (APP) 8 |
| TOP OF THE 9TH |
|
Greeneville Astros batting - Pitching for Boston (APP) Red Sox : RHP Danny Diaz
|
|
Now in LF: Mike Hutcheson
|
|
|
Batting: RHB Jason Monico
|
0-0: Fly out, F4 (Line Drive, 4MD, EV 70.0 MPH)
|
|
Batting: RHB John Moore
|
0-0: Foul Ball, location: 2F 0-1: Foul Ball, location: 2F 0-2: Ball 1-2: Ball 2-2: Ball 3-2: Base on Balls
|
|
Batting: RHB Hugo Priego
|
0-0: Ball 1-0: Ball 2-0: Foul Ball, location: 2F 2-1: Foul Ball, location: 2F 2-2: Ball 3-2: SINGLE (Groundball, 6MD, EV 109.4 MPH) John Moore to second Runner from 2nd tries for 3rd, SAFE, throw by CF made to third
|
|
Batting: RHB Areda Obote
|
0-0: Ball 1-0: Swinging Strike 1-1: Ball 2-1: Ball 3-1: Ground out 5-3 (Groundball, 5S, EV 64.4 MPH) Hugo Priego to second
|
|
Batting: RHB Roger Pelley
|
0-0: Ball 1-0: Fly out, F8 (Flyball, 89D, EV 110.0 MPH)
|
| Top of the 9th over - 0 runs, 1 hit, 0 errors, 2 left on base; Greeneville 9 - Boston (APP) 8 |
| BOTTOM OF THE 9TH |
|
Boston (APP) Red Sox batting - Pitching for Greeneville Astros : RHP Marty Jackson
|
|
Pitching: LHP Joey Callanta
|
|
|
Now at 1B: John Moore
|
|
|
Now at 2B: Keith Goodwin
|
|
|
Now at SS: Areda Obote
|
|
|
Batting: RHB Felix Rangel
|
0-0: Called Strike 0-1: Ball 1-1: SOLO HOME RUN (Flyball, 7D, EV 100.0 MPH), Distance : 394 ft
|
|
Pinch Hitting: RHB Josh Smith
|
0-0: Ball 1-0: Ball 2-0: Ball 3-0: Foul Ball, location: 2F 3-1: Swinging Strike 3-2: Strikes out swinging
|
|
Batting: LHB Stanislav Parusov
|
0-0: Ball 1-0: Ground out 4-3 (Groundball, 4, EV 86.9 MPH)
|
|
Pinch Hitting: RHB Vladmiri Nugaibekov
|
0-0: Ball 1-0: Foul Ball, location: 2F 1-1: Foul Ball, location: 2F 1-2: Ball 2-2: Ball 3-2: Foul Ball, location: 2F 3-2: Foul Ball, location: 2F 3-2: Foul Ball, location: 2F 3-2: Base on Balls
|
|
Pinch Hitting: RHB Eric Kent
|
0-0: Ball 1-0: Swinging Strike 1-1: Foul Ball, location: 2F 1-2: Ball 2-2: Ball 3-2: Strikes out swinging
|
| Bottom of the 9th over - 1 run, 1 hit, 0 errors, 1 left on base; Greeneville 9 - Boston (APP) 9 |
| TOP OF THE 10TH |
|
Greeneville Astros batting - Pitching for Boston (APP) Red Sox : RHP Danny Diaz
|
|
Pitching: RHP Jose Duran
|
|
|
Now at C: Josh Smith
|
|
|
Now at 1B: Vladmiri Nugaibekov
|
|
|
Now at 3B: Eric Kent
|
|
|
Now at SS: Kien-lung Zou
|
|
|
Batting: LHB Guadalupe Gonzalez
|
0-0: Ball 1-0: Ball 2-0: Ball 3-0: Base on Balls
|
|
Batting: RHB Domingas Saragoa
|
0-0: Called Strike 0-1: Grounds into double play, 5-4-3 (Groundball, 56, EV 78.1 MPH)
|
|
Batting: LHB Gong Tow
|
0-0: Ball 1-0: Called Strike 1-1: Ground out 6-3 (Groundball, 6MS, EV 85.0 MPH)
|
| Top of the 10th over - 0 runs, 0 hits, 0 errors, 0 left on base; Greeneville 9 - Boston (APP) 9 |
|